AoeStats
← BigDog

Arena

510371516Analyzed
2v2 RM · 2d ago on Sep 30, 2026· 55m 5s· 4 players
Game mode
Random Map
Map size
Medium (4 player)
Population
200
Speed
Normal
Resources
Standard
Victory
Conquest
Starting age
Dark Age
Ending age
Imperial Age
RankedLock teamsTeams togetherTeam positionsShared explorationLock speedFull tech treeHidden civsTurbo modeCheats
Victory
Defeat
🇩🇪 Franks · Germany
698
+14
🇩🇪 Britons · Germany
684
+15
🇺🇦 Teutons · Ukraine
673
-15
🇺🇦 Poles · Ukraine
636
-14
Boshetunmay
11:03 Feudal Age
11:40 Double-Bit Axe
13:33 Wheelbarrow
13:43 Bloodlines
15:04 Horse Collar
22:53 Castle Age
22:08 Fletching
22:36 Forging
23:31 Elite Skirmisher
24:55 Bow Saw
25:58 Hand Cart
25:43 Loom
26:57 Iron Casting
26:12 Fletching
26:31 Scale Barding Armor
26:17 Fletching
27:54 Gold Mining
28:48 Husbandry
28:08 Light Cavalry
30:48 Squires
30:35 Arson
30:10 Pikeman
32:43 Heavy Plow
32:45 Stone Mining
33:19 Town Watch
35:38 Stone Shaft Mining
36:05 Town Patrol
40:48 Ballistics
46:45 Chain Barding Armor
46:21 Bodkin Arrow
46:27 Padded Archer Armor
46:28 Scale Mail Armor
51:07 Imperial Age
51:37 Winged Hussar
53:32 Chemistry
BigDog
7:46 Loom
10:51 Feudal Age
11:31 Double-Bit Axe
11:29 Horse Collar
18:44 Castle Age
17:53 Stone Mining
21:15 Stone Shaft Mining
25:00 Bow Saw
24:53 Heavy Plow
32:54 Pikeman
33:35 Squires
37:42 Imperial Age
40:50 Imperial Age
43:04 Fletching
43:24 Forging
43:16 Scale Mail Armor
46:22 Bodkin Arrow
47:41 Conscription
48:43 Halberdier
50:10 Elite Skirmisher
53:03 Capped Ram
Morandorixeron
11:16 Feudal Age
11:52 Double-Bit Axe
18:06 Castle Age
18:41 Wheelbarrow
19:22 Bow Saw
19:27 Gold Mining
20:39 Man-at-Arms
21:06 Gambesons
21:49 Forging
21:41 Scale Mail Armor
22:11 Squires
25:35 Stone Mining
26:20 Gold Shaft Mining
26:04 Husbandry
27:53 Iron Casting
27:24 Scale Barding Armor
30:01 Hand Cart
30:11 Chain Barding Armor
30:06 Chain Mail Armor
29:16 Long Swordsman
34:21 Imperial Age
36:07 Cavalier
36:38 Capped Ram
36:47 Two-Handed Swordsman
38:52 Paladin
40:56 Blast Furnace
43:07 Pikeman
45:17 Halberdier
46:39 Champion
52:24 Plate Mail Armor
52:29 Plate Barding Armor
Equalizer
8:43 Feudal Age
11:19 Double-Bit Axe
12:33 Gold Mining
18:40 Castle Age
17:37 Padded Archer Armor
17:35 Fletching
19:59 Bow Saw
23:30 Horse Collar
24:40 Elite Skirmisher
25:32 Bodkin Arrow
28:29 Stone Mining
32:28 Leather Archer Armor
32:55 Loom
38:35 Imperial Age
40:09 Imperial Age
42:54 Chemistry
41:40 Arrowslits
42:16 Ballistics
43:02 Wheelbarrow
46:05 Hand Cart
50:07 Gold Shaft Mining
49:19 Elite Longbowman
50:21 Yeomen
Connection lost

Rejoining the realm…

Still unreachable

The connection could not be restored.

Session expired

The server has moved on; the page needs a fresh start.